 Dungeon Crawl Stone Soup version 0.28.0-43-g3370ac3207 (webtiles) character file.

Game seed: 10831092014205727509

1151 NinjaNoafa the Vexing (level 8, -7/36 HPs)
             Began as a Felid Berserker on Apr 1, 2022.
             Was an Initiate of Yredelemnul.
             Mangled by a water moccasin (8 damage)
             ... on level 7 of the Dungeon.
             The game lasted 00:24:07 (6340 turns).

NinjaNoafa the Vexing (Felid Berserker)             Turns: 6340, Time: 00:24:08

Health: -7/36      AC:  2    Str: 13    XL:     8   Next: 15%
Magic:  15/15      EV: 21    Int:  9    God:    Yredelemnul [......]
Gold:   292        SH:  0    Dex: 17    Spells: 11/15 levels left
                                        Lives:  0   Deaths: 2

rFire   . . .      SeeInvis +     - Unarmed
rCold   . . .      Faith    .   (shield unavailable)
rNeg    . . .      Spirit   .   (armour unavailable)
rPois   +          Reflect  .   (helmet unavailable)
rElec   .          Harm     .   (cloak unavailable)
rCorr   .          Rampage  .   (gloves unavailable)
Will    .....                   (boots unavailable)
Stlth   +++.......              (no amulet)
HPRegen 0.12/turn               h - ring of poison resistance
MPRegen 0.14/turn               (no ring)

@: weak-willed, quick
A: very small, claws 1, fangs 3, see invisible, speed 1, shaggy fur 2, stealthy
paws, no weapons or thrown items, no armour, multi-lived
a: Renounce Religion, Recall Undead Harvest


You were on level 7 of the Dungeon.
You worshipped Yredelemnul.
Yredelemnul was noncommittal.
You visited 2 branches of the dungeon, and saw 8 of its levels.

You collected 292 gold pieces.

Inventory:

Jewellery
 h - a ring of poison resistance (left paw)
Wands
 a - a wand of acid (5)
 e - a wand of flame (6)
Scrolls
 b - 4 scrolls of noise
 d - 2 scrolls of amnesia
 f - 2 scrolls of vulnerability
Potions
 n - a potion of curing


   Skills:
 - Level 4.5 Fighting
 + Level 7.1 Dodging
 - Level 5.4 Stealth
 - Level 4.5 Unarmed Combat
 * Level 4.1 Spellcasting
 * Level 7.6 Hexes
 - Level 3.0 Invocations


You had 11 spell levels left.
You knew the following spells:

 Your Spells              Type           Power      Damage    Failure   Level
a - Cause Fear            Hex            7%         N/A       12%         4

Your spell library contained the following spells:

 Spells                   Type           Power      Damage    Failure   Level
 Inner Flame              Hex/Fire       8%         N/A       17%         3
 Discord                  Hex            7%         N/A       100%        8


Dungeon Overview and Level Annotations

Branches:
Dungeon (7/15)             Temple (1/1) D:5

Altars:
Ashenzari
Elyvilon
Fedhas
Gozag
Hepliaklqana
Kikubaaqudgha
Makhleb
Nemelex Xobeh
Qazlal
Ru
Trog
Uskayaw
Wu Jian
Xom
Yredelemnul
Zin
The Shining One


Innate Abilities, Weirdness & Mutations

You have sharp claws.
You have razor-sharp teeth.
You have supernaturally acute eyesight. (SInv)
You cover ground quickly. (Speed+)
You are covered in thick fur. (AC +2)
Your paws help you pounce on unaware monsters.
You are incapable of wielding weapons or throwing items.
You cannot wear armour.
You gain extra lives every three experience levels.


Message History

Really read the scroll of vulnerability?
Okay, then.
The bullfrog closely misses you.
Okay, then.
The wyvern hisses menacingly.
The bullfrog misses you.
There is a stone staircase leading down here.
The wyvern completely misses you. The wyvern bites you!
The wyvern bites you but does no damage.
The wyvern closely misses you. The wyvern bites you.
* * * LOW HITPOINT WARNING * * *
You feel better. The wyvern barely misses you. The wyvern closely misses you.
The water moccasin hisses angrily.
You scratch the water moccasin but do no damage.
Your bite misses the water moccasin. The wyvern misses you.
The water moccasin completely misses you.
The wyvern bites you.
You scratch the wyvern. Your bite misses the wyvern.
The wyvern is lightly wounded.
The water moccasin closely misses you. The wyvern misses you.
You scratch the wyvern. You bite the wyvern, but do no damage.
The wyvern is lightly wounded.
The wyvern completely misses you. The water moccasin bites you.
Trog sends monsters to punish you.
A polar bear and 2 black bears come into view.
You scratch the wyvern but do no damage.
The wyvern is lightly wounded.
The wyvern bites you!
* * * LOW HITPOINT WARNING * * *
The water moccasin completely misses you.
The wyvern barely misses you. The water moccasin misses you.
Really read the scroll of vulnerability?
As you read the scroll of vulnerability, it crumbles to dust.
Magic quickly surges around you. The wyvern bites you.
* * * LOW HITPOINT WARNING * * *
The water moccasin bites you!
You die...
Your body rises from the dead as a mindless zombie.

#.#.#.#.#.###o..
#...........#...
#.#.#<#.#.#.....
#..........##...
#.#.#.#.#.#.#...
#.....l.....#.##
###h#.#.#.#.#.#.#
#hSh........#.#.#
#@###########...#
#l# ##..# #F#
#.># #.# ##.# #.#
#.# #.# #.# #.#
#.# #.# #.#
#.#############.#


You could see a polar bear (berserk, weak-willed), a water moccasin
(weak-willed), 2 black bears, a wyvern (weak-willed) and a bullfrog
(weak-willed).

Vanquished Creatures
  Grinder (D:6)
  A water moccasin (D:6)
  A sky beast (D:6)
  A black bear (D:6)
  A centaur (D:6)
  2 phantoms
  A kobold brigand (D:6)
  A wyvern zombie (D:5)
  3 scorpions
  A hound (D:5)
  A centaur zombie (D:4)
  A jelly (D:4)
  A centaur skeleton (D:6)
  A gnoll shaman (D:4)
  An orc priest (D:5)
  2 bullfrog skeletons
  4 iguanas
  3 hound skeletons
  A howler monkey zombie (D:5)
  7 adders
  3 gnolls (D:4)
  2 adder skeletons
  2 worms
  2 dart slugs (D:2)
  4 orcs
  6 bats
  8 endoplasms
  A giant cockroach (D:2)
  5 goblins
  2 hobgoblins
  4 jackals (D:1)
  4 quokkas
  4 ball pythons
  A frilled lizard (D:1)
  14 kobolds
  A rat (D:3)
98 creatures vanquished.

Vanquished Creatures (collateral kills)
  A scorpion (D:6)
  A centaur zombie (D:6)
  An orc (D:7)
  2 jackals (D:1)
  A ball python (D:1)
6 creatures vanquished.

Vanquished Creatures (others)
  A black bear zombie (D:6)
  A scorpion zombie (D:7)
  2 iguana zombies
  2 kobold zombies (D:6)
  3 orc zombies
9 creatures vanquished.

Grand Total: 113 creatures vanquished

Notes
Turn   | Place    | Note
-------+----------+-------------------------------------------
     0 | D:1      | NinjaNoafa the Felid Berserker began the quest for the Orb.
     0 | D:1      | Reached XP level 1. HP: 10/10 MP: 2/2
   225 | D:1      | Reached XP level 2. HP: 14/14 MP: 3/3
   753 | D:1      | Reached skill level 1 in Stealth
  1263 | D:2      | Reached XP level 3. HP: 17/17 MP: 4/4
  1331 | D:2      | Reached ** piety under Trog
  2381 | D:3      | Reached XP level 4. HP: 21/21 MP: 5/5
  2874 | D:4      | Noticed a scorpion
  2884 | D:4      | HP: 1/22 [poisoned by a scorpion]
  2968 | D:4      | Killed a scorpion
  2969 | D:4      | Reached skill level 5 in Dodging
  2969 | D:4      | Reached XP level 5. HP: 23/25 MP: 6/6
  3187 | D:4      | Reached skill level 1 in Invocations
  3207 | D:4      | Gained mutation: You are covered in thick fur. (AC +2)
                  | [Felid growth]
  3207 | D:4      | Reached XP level 6. HP: 18/28 MP: 7/7
  3983 | D:5      | Entered Level 5 of the Dungeon
  4259 | D:5      | Found an ornate altar of the Wu Jian Council.
  4259 | D:5      | Found a sacrificial altar of Ru.
  4264 | D:5      | Found a sparkling altar of Nemelex Xobeh.
  4267 | D:5      | Found a shimmering altar of Xom.
  4278 | D:5      | Found a glowing silver altar of Zin.
  4283 | D:5      | Found a basalt altar of Yredelemnul.
  4300 | D:5      | Reached skill level 5 in Stealth
  4300 | D:5      | Reached XP level 7. HP: 23/33 MP: 9/9
  4626 | D:5      | Fell from the grace of Trog
  4626 | D:5      | Became a worshipper of Yredelemnul the Dark
  4851 | D:5      | Found a staircase to the Ecumenical Temple.
  4877 | Temple   | Entered the Ecumenical Temple
  5010 | Temple   | Slain by a black bear
  5011 | Temple   | Reached XP level 6. HP: -2/29 MP: 9/9
  5031 | D:5      | Noticed a polar bear
  5031 | D:5      | Noticed a polar bear
  5034 | D:5      | Slain by a polar bear
  5035 | D:5      | Reached XP level 5. HP: -4/25 MP: 8/8
  5165 | D:6      | Reached skill level 1 in Hexes
  5173 | D:6      | Reached skill level 1 in Spellcasting
  5173 | D:6      | Reached XP level 6. HP: 20/29 MP: 9/9
  5216 | D:6      | Noticed Grinder
  5250 | D:6      | Killed Grinder
  5268 | D:6      | Reached skill level 5 in Hexes
  5268 | D:6      | Reached XP level 7. HP: 33/33 MP: 11/11
  5446 | D:6      | Reached * piety under Yredelemnul
  5513 | D:6      | Noticed a vampire mosquito
  5516 | D:6      | Noticed a vampire mosquito
  5517 | D:6      | Noticed a vampire mosquito
  5517 | D:6      | Noticed a vampire mosquito
  5894 | D:6      | Reached XP level 8. HP: 20/36 MP: 14/14
  6111 | D:6      | Learned a level 4 spell: Cause Fear
  6157 | D:6      | Noticed a two-headed ogre
  6339 | D:7      | Noticed a polar bear
  6340 | D:7      | HP: 1/36 [wyvern (3)]
  6340 | D:7      | Mangled by a water moccasin

Illustrated notes

Levels and vault maps discovered:
D:1:      dpeg_arrival_rhombus, layout_basic
D:2:      layout_basic
D:3:      layout_basic, kennysheep_small_spiral
D:4:      layout_basic
D:5:      layout_cave_pools, nicolae_overflow_hallway_of_the_gods, temple_hall
D:6:      layout_gridville, serial_shops, shop, uniq_grinder
D:7:      layout_basic, st_stairs_9, minmay_holes, uniq_menkaure
Temple:   eino_temple_rhombus

Skill      XL: |  1  2  3  4  5  6  7  8 |
---------------+-------------------------+-----
Stealth        | 1 2 3 5 |  5.4
Dodging        | 5 6 7 |  7.1
Fighting       | 4 |  4.5
Invocations    | 3 2 |  3.0
Unarmed Combat | 4 |  4.5
Hexes          | 2 5 7 |  7.6
Spellcasting   | 1 2 3 4 |  4.1

Action                   |  1- 3 |  4- 6 |  7- 9 || total
-------------------------+-------+-------+-------++-------
Melee: Unarmed           |    73 |   143 |   114 ||   330
       Bite              |     2 |    21 |    15 ||    38
       Punch             |     2 |     4 |     4 ||    10
 Cast: Cause Fear        |       |       |     1 ||     1
Invok: Berserk           |       |     1 |     1 ||     2
       Recall Undead Har |       |       |     7 ||     7
       Trog's Hand       |       |       |     1 ||     1
Evoke: Wand              |       |     3 |       ||     3
  Use: Scroll            |     1 |    13 |     5 ||    19
       Potion            |       |     6 |     3 ||     9
 Stab: Sleeping          |     8 |     4 |     5 ||    17
Armor: Skin              |     6 |     3 |    23 ||    32
Dodge: Dodged            |    68 |   129 |   161 ||   358
